 Dungeon Crawl Stone Soup version 0.18.1-50-g88ac8fd (webtiles) character file.

385 Chiseanne the Skirmisher (level 6, -4/53 HPs)
             Began as a Centaur Air Elementalist on Oct 19, 2016.
             Slain by an orc
             ... wielding a +0 trident
              (6 damage)
             ... on level 5 of the Dungeon.
             The game lasted 00:12:19 (5211 turns).

Chiseanne the Skirmisher (Centaur Air Elementalist) Turns: 5211, Time: 00:12:20

Health: -4/53      AC:  6    Str: 10    XL:     6   Next: 48%
Magic:  8/8        EV:  8    Int: 16    God:
Gold:   175        SH:  0    Dex: 10    Spells: 2 memorised, 4 levels left

rFire  + . .     SeeInvis .     t - +7 flail "Mulow" {pain, +Rage rF+ rC+}
rCold  + . .     Gourm    .     h - +0 ring mail
rNeg   . . .     Faith    .     (no shield)
rPois  .         Spirit   .     (no helmet)
rElec  .         Dismiss  .     (no cloak)
rCorr  .         Reflect  .     (no gloves)
SustAt .         Harm     .     (no barding)
MR     .....                    (no amulet)
Stlth  ..........               (no ring)
                                (no ring)

@: very quick, not resistant to hostile enchantments, extremely unstealthy
A: hooves 3, deformed body, speed 2, tough skin 3
a: Evoke Berserk Rage


You were on level 5 of the Dungeon.
You were not hungry.

You visited 1 branch of the dungeon, and saw 5 of its levels.

You collected 175 gold pieces.

Inventory:

Hand Weapons
 p - a +0 mace
 t - the +7 flail "Mulow" (weapon) {pain, +Rage rF+ rC+}
   (You found it on level 4 of the Dungeon)

   In the hands of one skilled in necromantic magic, it inflicts extra damage on
   living creatures.
   It protects you from fire.
   It protects you from cold.
   It lets you go berserk.
 w - a +1 blowgun
Missiles
 a - 54 arrows
 e - 40 bolts
 f - 36 sling bullets
 j - 162 stones (quivered)
 l - 21 poisoned needles
Armour
 h - a +0 ring mail (worn)
Jewellery
 m - an uncursed amulet of harm
Wands
 n - a wand of digging (11/24)
Scrolls
 d - a scroll of fog
 o - a scroll of remove curse
 q - a scroll of recharging
 u - a scroll of teleportation
Potions
 g - 3 potions of curing
 i - a potion of brilliance
Books
 b - a book of Air

   Spells                             Type                      Level
   a - Shock                          Conjuration/Air              1
   b - Swiftness                      Charms/Air                   2
   c - Repel Missiles                 Charms/Air                   2
   d - Static Discharge               Conjuration/Air              3
   e - Lightning Bolt                 Conjuration/Air              5
Comestibles
 c - 5 bread rations
 r - 4 meat rations
 s - 2 slices of pizza


   Skills:
 * Level 4.4 Fighting
 * Level 3.1 Armour
 - Level 1.6 Dodging
 - Level 1.2 Stealth
 - Level 1.7 Spellcasting
 - Level 1.2 Conjurations
 - Level 2.6 Air Magic


You had 4 spell levels left.
You knew the following spells:

 Your Spells              Type           Power        Failure   Level  Hunger
a - Shock                 Conj/Air       #...         28%         1    ##.....
b - Static Discharge      Conj/Air       #.......     80%         3    ####...


Dungeon Overview and Level Annotations

Branches:
Dungeon (5/15)
 Temple: D:4-7

Altars:
Elyvilon
Okawaru
Qazlal
Xom

Annotations:
D:4 Grinder


Innate Abilities, Weirdness & Mutations

You have hooves in place of feet.
Armour fits poorly on your strangely shaped body.
You cover ground very quickly.
You have extremely tough skin (AC +3).


Message History

All of the chunks of flesh in your inventory have rotted away.
You continue eating.
The orc hits you but does no damage.
The orc hits you from afar with a trident.
The orc hits you with a trident.
You closely miss the orc. The orc hits you but does no damage.
The orc hits you with a trident!
You sock the orc!
You kill the orc!
The orc priest mumbles some strange prayers to Beogh against you.
Beogh smites you! The orc priest barely misses you. The orc closely misses you.
You thump the orc priest! Your kick misses the orc priest.
The orc priest is almost dead.
The orc priest calls down the wrath of Beogh upon you.
Beogh smites you!
* * * LOW HITPOINT WARNING * * *
The orc barely misses you.
The orc priest hits you but does no damage.
The orc hits you from afar with a trident.
You die...

#........≈≈≈≈≈≈≈≈.
#..............#
#..............#
#...##...##....#
#... #...##....#
######...########
...............+
...............#
...##...##...@##
... #...##..oo## ##
#.........o#
#...........'.....#
#..>........#...o.#
#####.#....##......
#.###### ..... #.
#+#.. .


You could see 2 orc priests and an orc.

Vanquished Creatures
  Duvessa (D:4)
  Dowan (D:4)
  An orc priest (D:3)
  A gnoll (D:1)
  7 adders
  2 worms (D:2)
  4 dart slugs
  A giant gecko (D:3)
  11 orcs
  3 giant cockroaches
  9 goblins
  7 hobgoblins
  6 jackals
  2 quokkas
  A ball python (D:3)
  7 bats
  5 giant newts
  7 kobolds
  43 rats
119 creatures vanquished.

Notes
Turn   | Place    | Note
--------------------------------------------------------------
     0 | D:1      | Chiseanne the Centaur Air Elementalist began the quest for the Orb.
     0 | D:1      | Reached XP level 1. HP: 14/14 MP: 3/3
   174 | D:1      | Reached skill level 1 in Conjurations
   174 | D:1      | Reached XP level 2. HP: 22/22 MP: 0/4
   800 | D:1      | Reached skill level 1 in Fighting
  1241 | D:2      | Reached XP level 3. HP: 27/28 MP: 3/5
  1268 | D:2      | Learned a level 3 spell: Static Discharge
  1353 | D:2      | Found a white marble altar of Elyvilon.
  1753 | D:2      | Reached skill level 2 in Fighting
  1848 | D:2      | Found a shimmering altar of Xom.
  2216 | D:2      | Reached skill level 1 in Armour
  2433 | D:2      | Reached XP level 4. HP: 30/37 MP: 0/6
  2535 | D:2      | Found a stormy altar of Qazlal.
  3423 | D:3      | Reached skill level 3 in Fighting
  3567 | D:3      | Reached XP level 5. HP: 27/45 MP: 0/7
  3909 | D:3      | Found an iron altar of Okawaru.
  4882 | D:4      | Got an encrusted flail
  4885 | D:4      | Identified the +7 flail "Mulow" {pain, +Rage rF+ rC+} (You found it on level 4 of the Dungeon)
  4887 | D:4      | Noticed Duvessa
  4887 | D:4      | Noticed Dowan
  4895 | D:4      | Killed Duvessa
  4895 | D:4      | Reached skill level 4 in Fighting
  4895 | D:4      | Reached XP level 6. HP: 36/52 MP: 5/8
  4905 | D:4      | Killed Dowan
  4932 | D:4      | Noticed Grinder
  4939 | D:5      | Entered Level 5 of the Dungeon
  5211 | D:5      | HP: 2/53 [orc priest/divine providence (16)]
  5211 | D:5      | Slain by an orc

Skill      XL: |  1  2  3  4  5  6 |
---------------+-------------------+-----
Conjurations   | 1 |  1.2
Fighting       | 1 2 3 4 |  4.4
Armour         | 1 2 3 |  3.1
Dodging        | |  1.6
Stealth        | |  1.2
Spellcasting   | |  1.7
Air Magic      | |  2.6

Action                   |  1- 3 |  4- 6 || total
-------------------------+-------+-------++-------
Melee: Spear             |   126 |    75 ||   201
       Kick              |    22 |    29 ||    51
       Mace              |       |   106 ||   106
       Flail             |       |    22 ||    22
 Cast: Shock             |    30 |    51 ||    81
  Use: Scroll            |     8 |     6 ||    14
       Potion            |       |     3 ||     3
  Eat: Chunk             |     5 |    10 ||    15
Armor: Robe              |     1 |       ||     1
       Ring mail         |    67 |   116 ||   183
Dodge: Dodged            |    47 |   105 ||   152
